 Dungeon Crawl Stone Soup version 0.30-a0-122-g2a1322497e (webtiles) character file.

Game seed: 9719323798729520769

2 Newt the Ducker (level 1, -5/16 HPs)
             Began as a Demonspawn Gladiator on Sept 16, 2022.
             Slain by a kobold
             ... wielding a +1 whip of electrocution
              (17 damage)
             ... on level 1 of the Dungeon.
             The game lasted 00:00:09 (295 turns).

Newt the Ducker (Demonspawn Gladiator)               Turns: 295, Time: 00:00:09

Health: -5/16      AC:  4    Str: 14    XL:     1   Next: 33%
Magic:  1/1        EV: 12    Int:  9    God:
Gold:   42         SH:  0    Dex: 14    Spells: 0/0 levels left

rFire   . . .      SeeInvis .    a - +0 rapier
rCold   . . .      Faith    .    (no shield)
rNeg    . . .      Spirit   .    b - +0 leather armour
rPois   .          Reflect  .    c - +0 helmet
rElec   .          Harm     .    (no cloak)
rCorr   .          Rampage  .    (no gloves)
Will    .....                    (no boots)
Stlth   +.........               (no amulet)
HPRegen 0.05/turn                (no ring)
MPRegen 0.07/turn                (no ring)

@: no status effects
A: no striking features
a: no special abilities


You were on level 1 of the Dungeon.
You visited 1 branch of the dungeon, and saw 1 of its levels.

You collected 42 gold pieces.

Inventory:

Hand Weapons
 a - a +0 rapier (weapon)
Missiles
 d - 3 throwing nets (quivered)
 e - a javelin
Armour
 b - a +0 leather armour (worn)
 c - a +0 helmet (worn)
Scrolls
 i - 2 scrolls of identify {unknown}
 k - a scroll of enchant weapon {unknown}
Potions
 f - a potion of curing {unknown}
 g - a potion of might {unknown}
 h - 2 potions of invisibility {unknown}
 j - 2 potions of lignification {unknown}


   Skills:
 - Level 2.0 Fighting
 - Level 2.6 Short Blades
 - Level 1.7 Throwing
 - Level 2.6 Dodging
 + Level 0.8 Stealth


You couldn't memorise any spells.
You didn't know any spells.
Your spell library was empty.

Dungeon Overview and Level Annotations

Branches:
Dungeon (1/15)

Altars:


Message History

HP restored.
Found a stone staircase leading down.
You now have 5 gold pieces.
You now have 21 gold pieces (gained 16).
h - 2 coppery potions
i - a scroll labelled UNET WEMOLA No target in view!
You open the door.
There is an open door here.
You now have 32 gold pieces (gained 11).
j - an emerald potion A ball python comes into view.
A ball python is nearby!
The ball python hisses angrily.
Found 10 gold pieces and a scroll labelled UNET WEMOLA.
The ball python bites you but does no damage.
The ball python misses you.
You hit the ball python.
You kill the ball python!
No target in view!
No target in view!
No target in view!
No target in view!
No target in view!
You now have 42 gold pieces (gained 10).
Found a stone.
No target in view!
i - 2 scrolls labelled UNET WEMOLA (gained 1)
j - 2 emerald potions (gained 1)
k - a scroll labelled ELUDUCWEGIM No target in view!
Found a stone staircase leading down.
A kobold comes into view.
It is wielding a +1 whip of electrocution.
The kobold shouts!
You hit the kobold.
The kobold is moderately wounded.
The kobold hits you with a +1 whip of electrocution.
You are electrocuted!
Ouch! That really hurt!
You die...

#.......#
#.......
##......
...... ##....
+..>.
#.K###### #
#.@.....# #
#...#.#.# #
#...#.#.#
######...#.#.#
###
.........#.#.#
#..##
...........#.#
#..#.#
.........###.#
#....#
.............#
#..#.#
.........#####


You could see a kobold.

Vanquished Creatures
  2 ball pythons (D:1)
2 creatures vanquished.

Notes
Turn   | Place    | Note
-------+----------+-------------------------------------------
     0 | D:1      | Newt the Demonspawn Gladiator began the quest for the Orb.
     0 | D:1      | Reached XP level 1. HP: 16/16 MP: 1/1
   295 | D:1      | Slain by a kobold

Illustrated notes

Levels and vault maps discovered:
D:1:      shiori_arrival_elements, layout_basic, nicolae_ecumenical_lake_church

Action                   || total
-------------------------++-------
Melee: Rapier            ||     6
Armor: Leather armour    ||     3
Dodge: Dodged            ||     4

Table legend: (Time is in decaauts)
 A = Elapsed time spent in this place.
 B = Non-inter-level travel time spent in this place.
 C = Inter-level travel time spent in this place.
 D = Time resting spent in this place.
 E = Time spent auto-exploring this place.
 F = Levels seen in this place.
 G = Mean time per level.
                   A        B        C        D        E       F      G
               +--------+--------+--------+--------+--------+-----+--------+
         Total |    295 |    295 |      0 |      0 |    272 |   1 |  295.0 |
       Dungeon |    295 |    295 |      0 |      0 |    272 |   1 |  295.0 |
               +--------+--------+--------+--------+--------+-----+--------+

Top non-repeatable levels by time:
     D:1: 295 daAuts
